 Dungeon Crawl Stone Soup version 0.31-a0-836-g3ceb0a68c4 (webtiles) character file.

Game seed: 15751007249361460014

2088 dialectric the Poker (level 9, -6/47 HPs)
             Began as a Vine Stalker Gladiator on Sept 26, 2023.
             Was an Initiate of Yredelemnul.
             Mangled by an orc warrior
             ... wielding a +0 halberd
              (10 damage)
             ... in a bailey.
             The game lasted 00:08:21 (5258 turns).

dialectric the Poker (Vine Stalker Gladiator)       Turns: 5258, Time: 00:08:22

Health: -6/47      AC:  7    Str: 19    XL:     9   Next: 27%
Magic:  0/10       EV: 14    Int:  8    God:    Yredelemnul [......]
Gold:   487        SH:  0    Dex: 18    Spells: 8/8 levels left

rFire   . . .        d - +2 trident (freeze)
rCold   + . .        (no shield)
rNeg    . . .        F - +2 leather armour {rC+}
rPois   .            c - +0 helmet
rElec   .            i - +0 cloak {rCorr}
rCorr   +            (no gloves)
SInv    .            (no boots)
Will    +....        (no amulet)
Stlth   ++           (no ring)
HPRegen 1.07/turn    (no ring)
MPRegen 0.12/turn

%: guardian spirit
@: no status effects
A: fangs 3, regeneration 1, magic shield, antimagic bite, no potion heal 2
a: Renounce Religion, Recall Undead Harvest


You were in a bailey.
You worshipped Yredelemnul.
Yredelemnul was noncommittal.
You visited 1 branch of the dungeon, and saw 7 of its levels.
You also visited: Bailey.

You collected 487 gold pieces.

Inventory:

Hand Weapons
 a - a +0 trident
 d - a +2 trident of freezing (weapon)
 y - the +1 rapier of Iconoclasm {venom, Stlth+}
   (You found it on level 5 of the Dungeon)

   Stlth+:    It makes you more stealthy.
Missiles
 e - a javelin
 x - 2 poisoned darts
 C - 2 curare-tipped darts
 G - 3 throwing nets
Armour
 c - a +0 helmet (worn)
 i - a +0 cloak of preservation (worn)
 F - a +2 leather armour of cold resistance (worn)
Jewellery
 o - an amulet of regeneration
 v - a ring of ice
 w - a ring of see invisible
Talismans
 j - a beast talisman
 k - a beast talisman
 E - a blade talisman
Wands
 s - a wand of flame (8)
 D - a wand of polymorph (7)
Scrolls
 g - a scroll of amnesia
 h - a scroll of noise
 p - 2 scrolls of fear {unknown}
 q - a scroll of teleportation
 u - a scroll of vulnerability {unknown}
 B - a scroll of identify {unknown}
Potions
 f - a potion of haste {unknown}
 m - 2 potions of heal wounds
 n - a potion of degeneration
 r - a potion of mutation {unknown}
 z - a potion of curing {unknown}
 A - a potion of magic {unknown}


   Skills:
 + Level 5.2 Fighting
 + Level 7.7 Polearms
 + Level 2.2 Throwing
 + Level 3.7 Armour
 + Level 4.3 Dodging
 - Level 2.0 Stealth
 + Level 1.2 Evocations


You had 8 spell levels left.
You didn't know any spells.
Your spell library contained the following spells:

 Spells                   Type           Power      Damage    Failure   Level
 Ozocubu's Refrigeration  Ice            0%         4d7       100%        7
 Polar Vortex             Ice            0%         N/A       100%        9
 Simulacrum               Ice/Necr       Unusable   N/A       N/A         6

Dungeon Overview and Level Annotations

Branches:
Dungeon (7/15)             Temple (0/1) D:5          Bailey (1/1)

Altars:
Dithmenos
Gozag
Hepliaklqana
Qazlal
Ru
Trog
Uskayaw
Vehumet
Yredelemnul
Zin
The Shining One

Annotations:
D:5 2 runed translucent doors, ranchalot's ghost, amateur OpSh
D:7 Dowan; Duvessa; Menkaure


Innate Abilities, Weirdness & Mutations

You have razor-sharp teeth.
Your natural rate of healing is unusually fast.
When hurt, damage is shared between your health and your magic reserves.
Your bite disrupts and absorbs the magic of your enemies.
Potions cannot restore your health.


Message History

The orc warrior is almost dead.
The orc misses you. x2
The orc warrior splashes around in the water.
The orc hits you but does no damage. The orc completely misses you.
Unknown command.
You barely miss the orc. You bite the orc, but do no damage.
The orc closely misses you. The orc misses you.
The orc warrior hits you with a +0 halberd!
The orc splashes around in the water.
The orc misses you.
You are too injured to fight recklessly!
You barely miss the orc. The orc misses you. x2
The orc warrior splashes around in the water.
The orc hits you with a +0 spear.
Unknown command.
You hit the orc. You freeze the orc.
The orc is heavily wounded.
The orc closely misses you. The orc hits you with a +0 spear.
* * * LOW HITPOINT WARNING * * *
The orc warrior closely misses you. The orc completely misses you.
You are too injured to fight recklessly!
Unknown command.
You are too injured to fight recklessly!
You puncture the orc! You freeze the orc.
You kill the orc!
The orc misses you.
The orc hits you from afar with a +0 halberd.
* * * LOW HITPOINT WARNING * * *
The orc warrior hits you with a +0 halberd!
* * * LOW HITPOINT WARNING * * *
You are too injured to fight recklessly!
The orc misses you. x3; The orc warrior barely misses you.
Things that are here:
a +0 spear; a +0 ring mail Unknown command.
The orc hits you but does no damage. The orc attacks as it pursues you!
The orc closely misses you. The orc barely misses you.
The orc warrior attacks as it pursues you!
The orc warrior hits you from afar with a +0 halberd!
You die...
Your body rises from the dead as a mindless zombie.

#.~..##.$.#
#.~~..##.##
#∩.~~..#+#
##ZZ~..# #.~Z..##
#.~..## #.~.##
#.~.##########
#.~.....o)@..#
#.~~~~~~oo~~..#
#.......o..~~..##
##########..~~..#
##..~~... #..~~~~
#..... #####


You could see an orc warrior and 3 orcs.

Vanquished Creatures
  Sigmund (D:6)
  Eustachio (D:5)
  A sky beast (D:6)
  2 orc warriors
  An ice beast (D:6)
  A black bear (D:5)
  An ogre (D:4)
  A centaur (D:5)
  A phantom (D:5)
  A bullfrog (D:6)
  A gnoll sergeant (D:6)
  2 scorpions (D:6)
  3 wights
  4 hounds
  Crazy Yiuf (D:7)
  A jelly (D:6)
  An orc priest (D:6)
  4 iguanas
  4 orc wizards
  9 adders
  4 gnolls
  A shadow imp (D:5)
  A white imp (D:6)
  A worm (D:3)
  31 orcs
  6 ball pythons
  9 endoplasms
  4 giant cockroaches
  9 goblins
  6 hobgoblins
  7 jackals (D:1)
  3 quokkas
  4 bats
  3 frilled lizards
  8 kobolds
  7 rats
145 creatures vanquished.

Vanquished Creatures (collateral kills)
  A bat (D:2)
  An endoplasm (D:2)
  A giant cockroach (D:2)
  A goblin (D:2)
  A quokka (D:2)
  A ball python (D:3)
  A frilled lizard (D:3)
7 creatures vanquished.

Vanquished Creatures (others)
  A hound zombie (D:6)
  An iguana zombie (D:6)
  13 orc zombies
  3 adder zombies
  A bat zombie (D:3)
  A ball python zombie (D:4)
  A hobgoblin zombie (D:4)
21 creatures vanquished.

Grand Total: 173 creatures vanquished

Notes
Turn   | Place    | Note
-------+----------+-------------------------------------------
     0 | D:1      | dialectric the Vine Stalker Gladiator began the quest for
                  | the Orb.
     0 | D:1      | Reached XP level 1. HP: 11/11 MP: 2/2
   105 | D:1      | Reached skill level 3 in Polearms
   105 | D:1      | Reached XP level 2. HP: 15/15 MP: 3/3
   300 | D:1      | Reached XP level 3. HP: 18/18 MP: 4/4
   614 | D:2      | Found a basalt altar of Yredelemnul.
   687 | D:2      | Became a worshipper of Yredelemnul the Dark
   815 | D:2      | Reached * piety under Yredelemnul
   987 | D:2      | Reached XP level 4. HP: 23/23 MP: 5/5
  1165 | D:2      | Reached ** piety under Yredelemnul
  1377 | D:2      | Reached *** piety under Yredelemnul
  1417 | D:3      | Reached skill level 4 in Polearms
  1545 | D:3      | Reached skill level 1 in Armour
  1554 | D:3      | Reached XP level 5. HP: 26/26 MP: 6/6
  1572 | D:3      | Noticed a shadow
  1573 | D:3      | Found a shadowy altar of Dithmenos.
  1574 | D:3      | Found a hazy altar of Hepliaklqana.
  1997 | D:3      | Found a bloodstained altar of Trog.
  2179 | D:4      | Reached skill level 1 in Stealth
  2292 | D:4      | Found an opulent altar of Gozag.
  2505 | D:4      | Reached XP level 6. HP: 13/32 MP: 7/7
  2953 | D:5      | Entered Level 5 of the Dungeon
  3014 | D:5      | Reached skill level 5 in Polearms
  3053 | D:5      | Reached XP level 7. HP: 35/36 MP: 8/8
  3085 | D:5      | Noticed Eustachio
  3087 | D:5      | Found a large runed translucent door.
  3087 | D:5      | Found a large runed translucent door.
  3088 | D:5      | Noticed ranchalot's ghost (amateur OpSh)
  3098 | D:5      | Killed Eustachio
  3159 | D:5      | Found a stormy altar of Qazlal.
  3288 | D:5      | Found a staircase to the Ecumenical Temple.
  3299 | D:5      | Identified the +1 rapier of Iconoclasm {venom, Stlth+}
  3868 | D:6      | Reached skill level 6 in Polearms
  3868 | D:6      | Gained mutation: You have razor-sharp teeth. [Vine Stalker
                  | growth]
  3868 | D:6      | Reached XP level 8. HP: 34/42 MP: 6/9
  3943 | D:6      | HP: 1/42 [gnoll sergeant/+2 trident of freezing (3)]
  3948 | D:5      | HP: 2/63 [poisoned by a gnoll]
  3957 | D:5      | Reached skill level 1 in Evocations
  4210 | D:6      | Noticed Sigmund
  4215 | D:6      | Killed Sigmund
  4236 | D:6      | Found a radiant altar of Vehumet.
  4507 | D:6      | Reached skill level 7 in Polearms
  4600 | D:6      | Found a sacrificial altar of Ru.
  4610 | D:6      | Found a glowing golden altar of the Shining One.
  4630 | D:6      | Reached **** piety under Yredelemnul
  4680 | D:6      | Found a hide-covered altar of Uskayaw.
  4681 | D:6      | Noticed a +0 dagger
  4681 | D:6      | Noticed a +0 hand axe
  4704 | D:7      | Noticed Menkaure
  4704 | D:7      | Noticed Duvessa
  4704 | D:7      | Noticed Dowan
  4718 | D:6      | Reached XP level 9. HP: 24/44 MP: 3/10
  4900 | D:7      | Noticed a gargoyle
  4908 | D:6      | Reached skill level 5 in Fighting
  4928 | D:7      | Found a runed translucent door.
  4928 | D:7      | Noticed Crazy Yiuf
  4929 | D:7      | Killed Crazy Yiuf
  4947 | D:7      | Found a glowing silver altar of Zin.
  5073 | D:7      | Found a flagged portal.
  5095 | Bailey   | Entered a bailey
  5256 | Bailey   | HP: 2/47 [orc warrior/+0 halberd (12)]
  5258 | Bailey   | Mangled by an orc warrior

Illustrated notes

Levels and vault maps discovered:
D:1:      beargit_arrival_diablo_church, layout_basic
D:2:      layout_loops_ring, basic_altar, eino_tiny_chamber,
          roderic_roman_lattice, nrook_mini_vaults
D:3:      layout_loops_cross, riverfiend_overflow_shadow_ancestor,
          lightli_temple_of_fire
D:4:      layout_basic, old_standard_altar, minmay_gold_behind_fungi,
          hangedman_decor_growths, wad_floor_pattern_untrapped
D:5:      layout_basic, nicolae_qazlal_general_emergency,
          minmay_temple_entry_gardened_gates, ebering_ghost_disaster_area,
          uniq_eustachio
D:6:      layout_loops_ring, mainiacjoe_overflow_big_doors,
          jmf_multi_god_temple, dancing_weapons_uskayaw,
          ebering_ghost_disaster_area, uniq_sigmund
D:7:      minmay_skewed_foursquare, layout_rooms, lemuel_coloured_pillars_altar,
          cheibrodos_ashenzari_chains, mainiacjoe_overflow_cross_hatched,
          mainiacjoe_overflow_catwalk, enter_bailey_5, kb_rosetta,
          uniq_menkaure, uniq_duvessa, uniq_joseph, uniq_crazy_yiuf_cottage
Bailey:   bailey_polearm_1, bailey

Skill      XL: |  1  2  3  4  5  6  7  8  9 |
---------------+----------------------------+-----
Polearms       | 3 4 5 6 7 |  7.7
Fighting       | 2 3 4 5 |  5.2
Armour         | 1 2 3 |  3.7
Stealth        | 1 2 |  2.0
Dodging        | 3 4 |  4.3
Evocations     | 1 |  1.2
Throwing       | 2 |  2.2

Action                     |  1- 3 |  4- 6 |  7- 9 || total
---------------------------+-------+-------+-------++-------
  Melee: Trident           |   125 |   169 |   242 ||   536
         Bite              |    20 |    31 |    38 ||    89
         Punch             |     1 |       |     5 ||     6
  Throw: Throwing net      |       |       |     6 ||     6
  Evoke: Wand              |       |     3 |     6 ||     9
    Use: Potion            |       |     1 |     3 ||     4
         Scroll            |       |       |     5 ||     5
   Stab: Sleeping          |     1 |     5 |     9 ||    15
         Distracted        |       |     1 |     1 ||     2
         Held in net/web   |       |       |     1 ||     1
 Armour: Leather armour    |    69 |    76 |   173 ||   318
         Skin              |       |       |    24 ||    24
  Dodge: Dodged            |    64 |    71 |   184 ||   319

Table legend: (Time is in decaauts)
 A = Elapsed time spent in this place.
 B = Non-inter-level travel time spent in this place.
 C = Inter-level travel time spent in this place.
 D = Time resting spent in this place.
 E = Time spent auto-exploring this place.
 F = Levels seen in this place.
 G = Mean time per level.
                   A        B        C        D        E       F      G
               +--------+--------+--------+--------+--------+-----+--------+
         Total |   5285 |   5017 |    268 |    261 |   3415 |   8 |  660.6 |
       Dungeon |   5125 |   4857 |    268 |    261 |   3326 |   7 |  732.1 |
        Bailey |    160 |    160 |      0 |      0 |     89 |   1 |  160.0 |
               +--------+--------+--------+--------+--------+-----+--------+

Top non-repeatable levels by time:
     D:5: 1193 daAuts
     D:4: 840 daAuts
     D:2: 810 daAuts
     D:6: 764 daAuts
     D:3: 731 daAuts
     D:1: 598 daAuts
     D:7: 185 daAuts
  Bailey: 160 daAuts
